Map: [ESL] Oceanborn

Players

Wayne - Winner!

  • Race: Zerg Zerg
  • Spawn Location: 5:00

ShaDoWn

  • Race: Protoss Protoss
  • Spawn Location: 11:00

Event: ESL SC2 Masters 2024 Spring (Regional)

VOD

Have the link to the VOD?

Description

Time

  • Played on: April 16, 2024, 9:13 a.m.
  • Length: 8:57

All games in this series

Show
View Real Time Build Order
Export as new Build Order

Wayne Zerg - Winner!

Build Orders: Hatch First 

Get SALT Encoding   

  12  0:00  Drone  
  13  0:12  Overlord  
  13  0:16  Drone  
  14  0:30  Drone x2  
  16  0:47  Hatchery  
  15  0:51  Drone  
  15  0:54  Drone  
  17  0:57  Drone  
  18  1:09  Extractor  
  17  1:12  Spawning Pool  
  17  1:15  Drone  
  17  1:18  Drone  
  18  1:27  Drone  
  19  1:38  Drone  
  20  1:48  Drone  
  21  1:58  Queen x2  
  21  1:59  Zergling x2  
  21  2:00  Overlord  
  26  2:10  Drone x2  
  26  2:12  Metabolic Boost  
  28  2:20  Drone  
  29  2:23  Drone  
  30  2:31  Hatchery  
  30  2:33  Drone  
  30  2:36  Drone  
  31  2:42  Queen  
  33  2:46  Overlord  
  33  2:49  Drone  
  34  2:53  Drone x2  
  36  3:04  Queen  
  38  3:07  Overlord  
  38  3:09  Drone x3  
  38  3:11  Drone  
  42  3:18  Queen  
  44  3:27  Drone x3  
  44  3:33  Spore Crawler  
  46  3:36  Drone x2  
  46  3:38  Overlord  
  48  3:41  Overlord  
  48  3:45  Drone x2  
  50  3:48  Overlord  
  50  3:55  Queen  
  50  3:57  Zergling x4  
  50  3:58  Zergling x2, Overlord  
  50  3:59  Drone  
  50  4:00  Drone  
  57  4:05  Drone x2  
  57  4:07  Drone  
  57  4:08  Spore Crawler  
  59  4:15  Drone x3  
  59  4:16  Drone  
  63  4:18  Drone x5  
  66  4:26  Drone x3  
  66  4:27  Drone  
  67  4:31  Lair  
  67  4:35  Drone x2  
  69  4:41  Drone x3  
  69  4:42  Roach Warren  
  69  4:43  Spore Crawler  
  69  4:44  Drone x2  
  72  4:47  Drone x3  
  72  4:51  Overlord  
  74  4:56  Evolution Chamber, Overlord  
  74  4:58  Drone x2  
  75  5:00  Extractor, Drone  
  75  5:01  Extractor, Drone  
  75  5:02  Drone x2  
  75  5:03  Drone  
  75  5:04  Drone  
  79  5:12  Extractor  
  79  5:13  Extractor  
  77  5:18  Drone, Extractor  
  77  5:19  Drone x5  
  77  5:20  Drone  
  83  5:23  Hatchery, Zerg Missile Weapons Level 1  
  83  5:25  Drone  
  83  5:26  Drone x2  
  85  5:34  Glial Reconstitution  
  85  5:39  Overlord  
  85  5:41  Overlord  
  85  5:44  Overlord  
  85  5:49  Spore Crawler  
  84  5:50  Roach x6  
  95  5:57  Overlord  
  95  5:59  Pneumatized Carapace  
  95  6:01  Overlord x2  
  95  6:03  Roach x4  
  103  6:06  Overseer  
  103  6:12  Overlord  
  103  6:13  Roach  
  103  6:14  Roach x4, Overlord  
  103  6:16  Overlord  
  113  6:24  Roach x4  
  121  6:29  Overlord  
  121  6:32  Overlord  
  117  6:40  Roach x4  
  117  6:44  Drone x2  
  117  6:45  Drone x3  
  117  6:46  Drone  
  117  6:47  Roach x2  
  124  6:52  Roach x3  
  129  6:59  Roach  
  129  7:00  Roach x2  
  135  7:07  Roach x3  
  135  7:08  Ravager x2  
  142  7:10  Ravager  
  142  7:11  Roach x4  
  142  7:15  Roach x2  
  155  7:19  Roach x3  
  161  7:24  Roach x2  
  161  7:28  Roach x2  
  169  7:35  Overlord  
  169  7:37  Roach x4  
  169  7:40  Ravager x2  
  169  7:41  Overlord  
  177  7:47  Overlord  
  177  7:50  Overlord  
  177  7:51  Roach x3  
  177  7:59  Roach x2  
  177  8:00  Roach x3  
  177  8:04  Zergling x2  
  177  8:05  Zergling x8  
  186  8:12  Roach x4  
  170  8:15  Roach x2, Zergling x2  
  170  8:19  Zergling x6  
  160  8:25  Roach x4  
  158  8:29  Roach  
  158  8:32  Zergling x2  
  145  8:37  Roach x5  
Show
View Real Time Build Order
Export as new Build Order

ShaDoWn Protoss 

Build Orders: 1 Gate Expand, Oracle Opening, Archon Immortal, Archon Drop 

Get SALT Encoding   

  12  0:00  Probe  
  13  0:12  Probe  
  14  0:19  Pylon  
  14  0:24  Probe  
  15  0:31  Assimilator  
  15  0:37  Probe (Chrono Boost)  
  16  0:43  Gateway  
  16  0:49  Probe (Chrono Boost)  
  17  0:53  Probe (Chrono Boost)  
  18  1:03  Probe  
  19  1:16  Probe  
  20  1:22  Nexus  
  20  1:32  Cybernetics Core  
  20  1:35  Probe  
  20  1:39  Assimilator  
  22  1:47  Probe  
  22  1:50  Pylon  
  22  1:59  Probe (Chrono Boost)  
  23  2:08  Adept  
  25  2:11  Probe (Chrono Boost)  
  25  2:12  Stargate  
  26  2:17  Probe (Chrono Boost)  
  26  2:18  Warp Gate  
  27  2:25  Probe (Chrono Boost)  
  28  2:35  Probe (Chrono Boost)  
  28  2:36  Probe (Chrono Boost)  
  30  2:38  Stalker  
  30  2:43  Probe (Chrono Boost)  
  34  2:44  Probe (Chrono Boost)  
  34  2:48  Probe (Chrono Boost)  
  35  2:52  Probe  
  35  2:55  Oracle (Chrono Boost)  
  39  3:00  Probe  
  39  3:02  Pylon  
  39  3:04  Probe  
  42  3:12  Probe  
  42  3:16  Probe  
  43  3:24  Oracle (Chrono Boost)  
  43  3:25  Probe  
  47  3:28  Probe  
  48  3:35  Nexus  
  48  3:37  Probe  
  48  3:38  Pylon  
  48  3:40  Probe  
  50  3:49  Probe  
  50  3:51  Assimilator  
  50  3:52  Probe  
  50  3:53  Assimilator  
  52  4:00  Pylon  
  52  4:01  Probe  
  53  4:02  Twilight Council  
  53  4:04  Probe, Forge  
  54  4:12  Robotics Facility  
  54  4:13  Probe  
  55  4:17  Probe  
  55  4:20  Gateway  
  56  4:27  Probe  
  56  4:30  Probe  
  58  4:32  Charge, Protoss Ground Weapons Level 1 (Chrono Boost)  
  58  4:36  Gateway x2  
  58  4:39  Probe  
  58  4:42  Probe  
  60  4:48  Probe  
  60  4:51  Gateway  
  60  4:52  Gateway  
  61  4:55  Probe  
  61  4:57  Probe  
  61  4:58  Warp Prism (Chrono Boost)  
  66  5:07  Pylon, Probe  
  66  5:08  Probe  
  66  5:12  Probe, Shield Battery  
  68  5:19  Probe  
  68  5:21  Probe  
  70  5:24  Observer, Probe  
  70  5:26  Templar Archives  
  72  5:30  Pylon, Zealot  
  72  5:31  Zealot x2  
  72  5:32  Zealot  
  72  5:35  Probe x2  
  82  5:42  Probe  
  83  5:44  Assimilator  
  83  5:45  Assimilator  
  83  5:49  Probe  
  84  5:50  Observer  
  84  5:54  Probe  
  84  5:55  Pylon  
  84  5:56  Probe  
  86  6:01  Photon Cannon, Probe  
  86  6:02  High Templar x5  
  86  6:03  Zealot  
  99  6:06  Probe  
  99  6:07  Zealot x2, High Templar  
  99  6:08  Probe  
  101  6:12  Archon x2  
  101  6:16  Immortal  
  106  6:18  Probe  
  106  6:20  Pylon  
  106  6:21  Pylon  
  106  6:22  Pylon  
  106  6:33  Zealot  
  106  6:36  Zealot  
  106  6:37  Zealot  
  106  6:38  Probe  
  106  6:39  Probe  
  108  6:45  Psionic Storm  
  108  6:46  Probe  
  94  6:55  High Templar x2, Immortal (Chrono Boost), Robotics Facility  
  102  7:10  Photon Cannon  
  102  7:12  Photon Cannon  
  102  7:20  Photon Cannon  
  102  7:21  Probe, Shield Battery  
  102  7:22  Nexus  
  103  7:23  Pylon  
  103  7:25  High Templar x2  
  103  7:27  Immortal (Chrono Boost)  
  111  7:32  Zealot x3  
  111  7:33  Probe  
  118  7:47  Gateway  
  118  7:49  Gateway  
  118  7:51  Immortal (Chrono Boost)  
  118  7:53  Stalker x4  
  124  7:59  Zealot x2  
  115  8:12  Archon  
  105  8:18  Immortal (Chrono Boost)  
  105  8:22  Immortal (Chrono Boost)  
  105  8:23  Zealot x6  
  105  8:25  Probe  
  86  8:42  Zealot  
  86  8:43  Zealot x6  
Tags
 
Add a new tag
Caveats
  • Supply blocks, unpowered buildings, or Contaminate may cause inaccurate times.
  • Supply counts are checked every 10 seconds.